 Dungeon Crawl Stone Soup version 0.24.0-123-gd5b16e6ec5 (webtiles) character file.

Game seed: 17063817165299405061, levelgen mode: deterministic

26967 FishyPogo the Slicer (level 13, -5/104 HPs)
             Began as a Gnoll Chaos Knight on Jan 24, 2020.
             Was a Plaything of Xom.
             Slain by a spiny frog (16 damage)
             ... on level 1 of the Lair of Beasts.
             The game lasted 00:46:07 (14041 turns).

FishyPogo the Slicer (Gnoll Chaos Knight)          Turns: 14041, Time: 00:46:07

Health: -5/104     AC: 16    Str: 21    XL:     13   Next: 29%
Magic:  25/25      EV: 17    Int: 17    God:    Xom [....*.]
Gold:   436        SH:  0    Dex: 19    Spells: 21/28 levels left

rFire    + + +     SeeInvis .   a - +9 glaive "Seatupar" {chop, rF++ rC+}
rCold    + . .     Gourm    +   (shield currently unavailable)
rNeg     . . .     Faith    .   U - +0 ring mail of Arghod {rPois rF+ MR+}
rPois    +         Spirit   .   Z - +1 hat {MR+}
rElec    .         Reflect  .   N - +0 cloak
rCorr    .         Harm     .   D - +2 pair of gloves
MR       ++...                  H - +0 pair of boots
Stlth    ++++......             V - amulet of the gourmand
HPRegen  0.27/turn              r - ring of flight
MPRegen  0.19/turn              s - ring of protection from fire

@: very slightly contaminated
A: distributed training, fangs 1, iridescent scales 1, camouflage 1, agile 2,
clever 1, deterioration 1, mutation resistance 1, strong 1, strong nose
a: Renounce Religion, Evoke Flight


You were on level 1 of the Lair of Beasts.
You worshipped Xom.
You were a beloved toy of Xom.
You were completely stuffed.

You visited 2 branches of the dungeon, and saw 14 of its levels.
You also visited: Ice Cave.

You collected 1024 gold pieces.
You spent 588 gold pieces at shops.

Inventory:

Hand Weapons
 a - the +9 glaive "Seatupar" (weapon) {chop, rF++ rC+}
   (You found it on level 6 of the Dungeon)

   It inflicts extra damage upon your enemies.
   It greatly protects you from fire.
   It protects you from cold.
 b - a +6 scimitar of flaming
Missiles
 A - 42 poisoned darts (quivered)
 K - 9 boomerangs
 T - 3 javelins
 Y - 2 throwing nets
Armour
 z - +0 storm dragon scales
 D - a +2 pair of gloves (worn)
 H - a +0 pair of boots (worn)
 J - a +1 scale mail of cold resistance
 N - a +0 cloak (worn)
 U - the +0 ring mail of Arghod (worn) {rPois rF+ MR+}
   (You bought it in a shop on level 10 of the Dungeon)

   It protects you from fire.
   It protects you from poison.
   It affects your resistance to hostile enchantments.
 Z - a +1 hat of magic resistance (worn)
Magical Staves
 G - an uncursed staff of wizardry
Jewellery
 r - a ring of flight (left hand)
 s - a ring of protection from fire (right hand)
 t - an uncursed ring of stealth
 E - an uncursed ring of protection from fire
 V - an amulet of the gourmand (around neck)
 W - an uncursed ring of ice
Wands
 u - a wand of iceblast (9)
 C - a wand of acid (23)
Scrolls
 d - 3 scrolls of identify
 h - 2 scrolls of blinking
 i - a scroll of noise {unknown}
 k - a scroll of enchant weapon
 q - a scroll of fog {unknown}
 w - 4 scrolls of teleportation
 x - 5 scrolls of magic mapping
 y - 3 scrolls of immolation
 O - 2 scrolls of remove curse
Potions
 e - a potion of cancellation
 l - 5 potions of curing
 m - 3 potions of resistance
 o - a potion of haste
 B - a potion of ambrosia
 F - 2 potions of magic
 I - a potion of mutation
 L - a potion of agility
 R - a potion of lignification
 X - a potion of invisibility
Miscellaneous
 n - a lamp of fire
Comestibles
 c - 19 rations


   Skills:
 + Level 10.3 Fighting
 + Level 10.3 Short Blades
 + Level 8.0 Long Blades
 + Level 8.0 Axes
 + Level 8.0 Maces & Flails
 + Level 8.0 Polearms
 + Level 8.0 Staves
 + Level 8.0 Slings
 + Level 8.0 Bows
 + Level 8.0 Crossbows
 + Level 8.0 Throwing
 + Level 9.3 Armour
 + Level 8.5 Dodging
 + Level 8.0 Stealth
 + Level 8.0 Shields
 + Level 8.0 Unarmed Combat
 + Level 8.0 Spellcasting
 + Level 6.6 Conjurations
 + Level 6.6 Hexes
 + Level 6.6 Charms
 + Level 6.6 Summonings
 + Level 6.6 Necromancy
 + Level 6.6 Translocations
 + Level 6.6 Transmutations
 + Level 6.6 Fire Magic
 + Level 6.6 Ice Magic
 + Level 6.6 Air Magic
 + Level 6.6 Earth Magic
 + Level 6.6 Poison Magic
 + Level 8.8 Invocations
 + Level 8.0 Evocations


You had 21 spell levels left.
You knew the following spells:

 Your Spells              Type           Power        Failure   Level  Hunger
a - Stone Arrow           Conj/Erth      ####..       3%          3    #......
p - Cause Fear            Hex            ####......   10%         4    ###....

Your spell library contained the following spells:

 Spells                   Type           Power        Failure   Level  Hunger
 Corona                   Hex            ####...      1%          1    None
 Sandblast                Erth           ####..       1%          1    None
 Passwall                 Tmut/Erth      ####....     1%          2    None
 Slow                     Hex            ####....     1%          2    None
 Inner Flame              Hex/Fire       ####....     3%          3    #......
 Portal Projectile        Hex/Tloc       ####..       3%          3    #......
 Leda's Liquefaction      Hex/Erth       ####......   10%         4    ###....
 Petrify                  Tmut/Erth      ####....     10%         4    ###....
 Lee's Rapid Deconstruct  Erth           ####......   28%         5    #####..


Dungeon Overview and Level Annotations

Branches:
Dungeon (12/15)            Temple (0/1) D:6            Lair (2/6) D:9
    Orc (0/2) D:10          IceCv (visited)
  Swamp: Lair:2-4    Shoals: Lair:2-4     Snake: Lair:2-4    Spider: Lair:2-4

Altars:
Ashenzari
Gozag
Hepliaklqana
Makhleb
Nemelex Xobeh
Qazlal
Sif Muna
Xom
Yredelemnul
Zin
The Shining One

Shops:
D:5 (   D:8 [   D:10 *[(   D:12 ?

Portals:
Trove: D:12 (give 6 scrolls of blinking)

Annotations:
D:6 1 runed translucent door, Descartes's ghost, novice SpAE


Innate Abilities, Weirdness & Mutations

Your experience applies equally to all skills.
You have very sharp teeth.
Your uncanny sense of smell can sniff out nearby items.
You are partially covered in iridescent scales. (AC +2)
Your skin changes colour to match your surroundings (Stealth+).
You are very agile. (Dex +4)
Your mind is acute. (Int +2)
Your body sometimes deteriorates upon taking damage.
You are somewhat resistant to further mutation.
Your muscles are strong. (Str +2)


Message History

The spiny frog misses you.
You completely miss the yak. The yak misses you. The spiny frog stings you.
* * * LOW HITPOINT WARNING * * *
The yak misses you.
Unknown command.
Okay, then.
You slash the yak! Your bite misses the yak.
The yak is heavily wounded.
The spiny frog closely misses you. The yak closely misses you.
The spiny frog completely misses you.
Unknown command.
You barely miss the yak.
The yak is heavily wounded.
The spiny frog barely misses you. The yak gores you but does no damage.
Unknown command.
You barely miss the yak.
The yak is heavily wounded.
The spiny frog stings you!
You die...
Xom roars with laughter!

#.#.###>...####.#.....
##.####.##### #........ #..#
### ##....... ###..######
##....... #.........###
##........
##..........####........#
##...........##..........
#.......†F.......#.....#.
##.......@Y......#.###.###
####..............##### ### #
#.....#..........#.#####
##....##........#.####..###
#.....###.......####......###
#..............####.........##
##.........P##...#............#
#P.......######...............#
##......## ##...............


You could see a yak and a spiny frog.

Vanquished Creatures
  Gastronok (D:11)
  A storm dragon (D:12)
  An ettin (D:12)
  Fannar (D:10)
  Harold (D:11)
  A centaur warrior (D:12)
  2 catoblepae
  2 two-headed ogres
  Sonja (D:12)
  Nergalle (D:10)
  A lindwurm (Lair:1)
  2 ugly things (D:12)
  A deep elf mage (D:12)
  An elephant (Lair:1)
  2 manticores (D:12)
  A cyclops (D:12)
  A spiny frog (Lair:1)
  A gargoyle (D:12)
  A rime drake (Lair:1)
  A yaktaur (D:12)
  A kobold demonologist (D:12)
  An efreet (D:12)
  3 komodo dragons (Lair:1)
  A meliai (D:12)
  A polar bear (D:11)
  2 hornets
  2 trolls
  7 hippogriffs
  A spriggan (D:7)
  5 wyverns
  14 yaks
  2 hungry ghosts
  A steam dragon (D:12)
  An acid dragon (D:12)
  2 water moccasins
  A porcupine (Lair:1)
  An orc warrior (D:10)
  An ice beast (D:5)
  A necrophage (D:8)
  A black bear (D:10)
  An eye of draining (D:12)
  2 wolves (IceCv)
  7 ogres
  10 centaurs
  3 crocodiles
  Blork the orc (D:6)
  10 bullfrogs
  5 scorpions
  6 killer bees
  15 wights
  3 howler monkeys
  4 crimson imps
  A bullfrog zombie (D:12)
  2 centaur zombies
  2 quasits
  7 orc priests
  8 hounds
  3 jellies
  2 bullfrog skeletons
  10 orc wizards
  3 iron imps (D:3)
  Ijyb (D:3)
  2 iguanas
  4 centaur skeletons
  9 worker ants
  A killer bee zombie (D:6)
  A hound skeleton (D:10)
  A howler monkey zombie (D:5)
  Robin (D:3)
  10 adders
  2 shadow imps
  A white imp (D:4)
  An ooze (D:2)
  An adder skeleton (D:9)
  6 worms
  3 dart slugs
  4 leopard geckos
  38 orcs
  3 giant cockroaches
  18 goblins
  12 hobgoblins
  4 jackals (D:4)
  5 quokkas
  A ball python (D:7)
  4 bats
  4 frilled lizards
  A giant cockroach zombie (D:6)
  2 goblin skeletons (D:4)
  4 hobgoblin zombies (D:4)
  A jackal zombie (D:5)
  12 kobolds
  A kobold zombie (D:4)
  A leopard gecko skeleton (D:5)
  A leopard gecko zombie (D:5)
  An orc skeleton (D:4)
  An orc zombie (D:4)
  7 rats
  A spectral orc (D:2)
348 creatures vanquished.

Vanquished Creatures (collateral kills)
  An orc warrior (D:6)
  2 ogres
  2 wights (D:6)
  An iguana (D:10)
  An adder (D:6)
  2 orcs (D:6)
9 creatures vanquished.

Vanquished Creatures (others)
  An ooze (D:4)
  2 goblin skeletons (D:4)
  A hobgoblin zombie (D:4)
  An orc zombie (D:4)
  8 toadstools (Lair:1)
13 creatures vanquished.

Grand Total: 370 creatures vanquished

Notes
Turn   | Place    | Note
-------+----------+-------------------------------------------
     0 | D:1      | FishyPogo the Gnoll Chaos Knight began the quest for the
                  | Orb.
     0 | D:1      | Reached XP level 1. HP: 23/23 MP: 1/1
    11 | D:1      | XOM: harmless Fire miscast
    24 | D:1      | XOM: divination: magic mapping
   165 | D:1      | Reached XP level 2. HP: 29/29 MP: 2/2
   324 | D:1      | XOM: harmless Conj miscast
   371 | D:1      | XOM: harmless Fire miscast
   398 | D:1      | Reached XP level 3. HP: 27/35 MP: 3/3
   572 | D:1      | XOM: silly message
   902 | D:2      | Reached skill level 1 in Invocations
   908 | D:2      | Found a sparkling altar of Nemelex Xobeh.
   956 | D:2      | Reached skill level 1 in Long Blades
   956 | D:2      | Reached skill level 1 in Axes
   956 | D:2      | Reached skill level 1 in Maces & Flails
   956 | D:2      | Reached skill level 1 in Polearms
   956 | D:2      | Reached skill level 1 in Staves
   956 | D:2      | Reached skill level 1 in Slings
   956 | D:2      | Reached skill level 1 in Bows
   956 | D:2      | Reached skill level 1 in Crossbows
   956 | D:2      | Reached skill level 1 in Throwing
   956 | D:2      | Reached skill level 1 in Stealth
   956 | D:2      | Reached skill level 1 in Shields
   956 | D:2      | Reached skill level 1 in Unarmed Combat
   956 | D:2      | Reached skill level 1 in Spellcasting
   956 | D:2      | Reached skill level 1 in Evocations
   956 | D:2      | Reached XP level 4. HP: 34/41 MP: 5/5
  1011 | D:2      | Found a shattered altar of Ashenzari.
  1201 | D:2      | Found an opulent altar of Gozag.
  1291 | D:2      | XOM: divination: magic mapping
  1339 | D:2      | XOM: cloud trail
  1619 | D:2      | Reached skill level 1 in Conjurations
  1619 | D:2      | Reached skill level 1 in Hexes
  1619 | D:2      | Reached skill level 1 in Charms
  1619 | D:2      | Reached skill level 1 in Summonings
  1619 | D:2      | Reached skill level 1 in Necromancy
  1619 | D:2      | Reached skill level 1 in Translocations
  1619 | D:2      | Reached skill level 1 in Transmutations
  1619 | D:2      | Reached skill level 1 in Fire Magic
  1619 | D:2      | Reached skill level 1 in Ice Magic
  1619 | D:2      | Reached skill level 1 in Air Magic
  1619 | D:2      | Reached skill level 1 in Earth Magic
  1619 | D:2      | Reached skill level 1 in Poison Magic
  1700 | D:2      | Found a basalt altar of Yredelemnul.
  1773 | D:2      | Noticed an angel
  1774 | D:2      | Found a glowing silver altar of Zin.
  1863 | D:2      | XOM: cloud trail
  2049 | D:2      | XOM: summons 1 hostile demon
  2088 | D:3      | Noticed Ijyb
  2119 | D:3      | XOM: mild Erth miscast
  2123 | D:3      | Killed Ijyb
  2123 | D:3      | Reached XP level 5. HP: 45/47 MP: 6/6
  2131 | D:3      | XOM: confuse monster(s)
  2133 | D:3      | Found a burning altar of Makhleb.
  2269 | D:3      | Reached XP level 6. HP: 53/53 MP: 8/8
  2336 | D:3      | Noticed Robin
  2354 | D:3      | XOM: harmless Ice miscast
  2380 | D:3      | Killed Robin
  2808 | D:3      | Found a shimmering blue altar of Sif Muna.
  2817 | D:3      | XOM: give mutations
  2817 | D:3      | Gained mutation: Your mind is acute. (Int +2) [Xom's grace]
  2817 | D:3      | Gained mutation: You are partially covered in iridescent
                  | scales. (AC +2) [Xom's grace]
  2817 | D:3      | Gained mutation: You are agile. (Dex +2) [Xom's grace]
  2817 | D:3      | Gained mutation: Your skin changes colour to match your
                  | surroundings (Stealth+). [Xom's grace]
  3003 | D:3      | XOM: give mutation
  3003 | D:3      | Gained mutation: You are very agile. (Dex +4) [Xom's grace]
  3017 | D:4      | XOM: scenery: create altars
  3021 | D:4      | Reached skill level 5 in Armour
  3034 | D:4      | Found a glowing golden altar of the Shining One.
  3084 | D:4      | XOM: destruction
  3097 | D:4      | Reached XP level 7. HP: 41/59 MP: 10/10
  3275 | D:4      | Noticed a hungry ghost
  3281 | D:4      | Killed a hungry ghost
  3298 | D:4      | XOM is BORED!
  3298 | D:4      | XOM: give mutations
  3298 | D:4      | Gained mutation: Your body sometimes deteriorates upon
                  | taking damage. [Xom's mischief]
  3427 | D:4      | XOM: fog
  3514 | D:4      | XOM: 10-stop teleportation journey
  3700 | D:5      | Entered Level 5 of the Dungeon
  3760 | D:5      | XOM: summons friendly quasit
  3762 | D:5      | Reached XP level 8. HP: 46/67 MP: 12/12
  3901 | D:5      | Found Pugas's Weapon Boutique.
  4085 | D:5      | XOM: polymorph hound -> killer bee
  4094 | D:5      | XOM: smoke on damage
  4414 | D:5      | XOM: god gift: smoky grey potion {god gift}
  4442 | D:5      | XOM: give mutations
  4442 | D:5      | Gained mutation: You are somewhat resistant to further
                  | mutation. [Xom's grace]
  4442 | D:5      | Gained mutation: Your muscles are strong. (Str +2) [Xom's
                  | grace]
  4487 | D:5      | XOM: god gift: short sword {god gift}
  4688 | D:6      | XOM: silly message
  4888 | D:6      | Found a hazy altar of Hepliaklqana.
  4888 | D:6      | Found a staircase to the Ecumenical Temple.
  4888 | D:6      | XOM: 5-stop teleportation journey
  4901 | D:6      | Reached XP level 9. HP: 60/72 MP: 14/14
  4991 | D:6      | Found a runed translucent door.
  4991 | D:6      | Noticed Descartes's ghost (novice SpAE)
  5110 | D:6      | Found a stormy altar of Qazlal.
  5110 | D:6      | Noticed Blork the orc
  5121 | D:6      | Killed Blork the orc
  5257 | D:6      | XOM: medium Tmut miscast
  5311 | D:6      | Got a faintly glowing glaive
  5312 | D:6      | Identified the +9 glaive "Seatupar" {chop, rF++ rC+} (You
                  | found it on level 6 of the Dungeon)
  5705 | D:7      | XOM: cast spell 'Disjunction'
  5721 | D:7      | Reached skill level 5 in Dodging
  5988 | D:7      | XOM is BORED!
  5988 | D:7      | XOM: medium Summ miscast
  5989 | D:7      | Noticed an orange demon
  6008 | D:7      | XOM: mild Summ miscast
  6074 | D:7      | Reached skill level 5 in Invocations
  6300 | D:7      | XOM: divination: detect creatures
  6491 | D:8      | Reached XP level 10. HP: 40/80 MP: 17/17
  6620 | D:8      | XOM: cloud trail
  6676 | D:8      | Found Awnoi's Armour Boutique.
  6689 | D:8      | XOM: cast spell 'Ring of Flames'
  6826 | D:8      | Reached skill level 5 in Long Blades
  6826 | D:8      | Reached skill level 5 in Axes
  6826 | D:8      | Reached skill level 5 in Maces & Flails
  6826 | D:8      | Reached skill level 5 in Polearms
  6826 | D:8      | Reached skill level 5 in Staves
  6826 | D:8      | Reached skill level 5 in Slings
  6826 | D:8      | Reached skill level 5 in Bows
  6826 | D:8      | Reached skill level 5 in Crossbows
  6826 | D:8      | Reached skill level 5 in Throwing
  6826 | D:8      | Reached skill level 5 in Stealth
  6826 | D:8      | Reached skill level 5 in Shields
  6826 | D:8      | Reached skill level 5 in Unarmed Combat
  6826 | D:8      | Reached skill level 5 in Spellcasting
  6826 | D:8      | Reached skill level 5 in Evocations
  6886 | D:8      | XOM: harmless Fire miscast
  6893 | D:8      | XOM: harmless Pois miscast
  7391 | D:9      | Learned a level 4 spell: Cause Fear
  7416 | D:9      | XOM: harmless Conj miscast
  7502 | D:9      | XOM: mild Fire miscast
  7626 | D:9      | Found a staircase to the Lair.
  7991 | D:10     | Entered Level 10 of the Dungeon
  8063 | D:10     | Noticed a two-headed ogre
  8066 | D:10     | XOM: divination: magic mapping
  8077 | D:10     | XOM: enchant monster (good)
  8166 | D:10     | Found Fifefys's Weapon Emporium.
  8168 | D:10     | Found a staircase to the Orcish Mines.
  8170 | D:10     | Found Ilits's Armour Emporium.
  8218 | D:10     | Bought the cursed +0 ring mail of Arghod {rPois rF+ MR+}
                  | for 372 gold pieces
  8302 | D:10     | Found Siresch's Assorted Antiques.
  8315 | D:10     | Bought a transparent mace for 216 gold pieces
  8315 | D:10     | Identified the +3 mace "Kiavupp" {antimagic, rPois Int+10
                  | Dex-2} (You bought it in a shop on level 10 of the Dungeon)
  8384 | D:10     | Noticed Fannar
  8391 | D:10     | XOM: confuse monster(s)
  8402 | D:10     | Killed Fannar
  8402 | D:10     | Reached XP level 11. HP: 45/87 MP: 19/19
  8489 | D:10     | Noticed Nergalle
  8499 | D:10     | Killed Nergalle
  8513 | D:10     | XOM: scenery: create altars
  8889 | D:11     | Noticed Gastronok
  8902 | D:11     | Killed Gastronok
  8902 | D:11     | Reached skill level 5 in Conjurations
  8902 | D:11     | Reached skill level 5 in Hexes
  8902 | D:11     | Reached skill level 5 in Charms
  8902 | D:11     | Reached skill level 5 in Summonings
  8902 | D:11     | Reached skill level 5 in Necromancy
  8902 | D:11     | Reached skill level 5 in Translocations
  8902 | D:11     | Reached skill level 5 in Transmutations
  8902 | D:11     | Reached skill level 5 in Fire Magic
  8902 | D:11     | Reached skill level 5 in Ice Magic
  8902 | D:11     | Reached skill level 5 in Air Magic
  8902 | D:11     | Reached skill level 5 in Earth Magic
  8902 | D:11     | Reached skill level 5 in Poison Magic
  8903 | D:11     | XOM: potion effect (haste)
  8908 | D:11     | XOM: divination: magic mapping
  8995 | D:11     | Found a frozen archway.
  9011 | IceCv    | Entered an ice cave
  9015 | IceCv    | XOM: confuse monster(s)
  9023 | IceCv    | HP: 4/89 [yak (11)]
  9060 | IceCv    | XOM: mild Chrm miscast
  9316 | IceCv    | XOM: summons friendly shadow imp
  9337 | D:11     | Noticed Harold
  9351 | D:11     | Killed Harold
  9415 | D:11     | Noticed a two-headed ogre
  9689 | D:11     | XOM: scenery: create altars
  9690 | D:11     | XOM: summons friendly crimson imp
  9710 | D:11     | XOM: cast spell 'Dispersal'
  9718 | D:11     | XOM: enchant monster (bad)
  9877 | D:11     | XOM: cloud trail
  9905 | D:11     | Found a stormy altar of Qazlal.
  9926 | D:11     | XOM: mild Necr miscast
  9931 | D:11     | Killed a two-headed ogre
  9931 | D:11     | Reached XP level 12. HP: 34/96 MP: 22/22
 10018 | D:11     | XOM: medium Hex miscast
 10208 | D:11     | XOM: cloud trail
 10288 | D:11     | XOM: harmless Conj miscast
 10618 | D:12     | Learned a level 3 spell: Stone Arrow
 10657 | D:12     | XOM: 1-stop teleportation journey
 10792 | D:12     | XOM: summons friendly quasit
 10831 | D:12     | Noticed a catoblepas
 11044 | D:12     | XOM: mild Chrm miscast
 11047 | D:12     | XOM: potion effect (invisibility)
 11436 | D:12     | Killed a catoblepas
 11467 | D:12     | Found Emoddut's Magic Scroll Shop.
 11483 | D:12     | Noticed Sonja
 11494 | D:12     | XOM: confuse monster(s)
 11495 | D:12     | Killed Sonja
 11502 | D:12     | Found a portal to a secret trove of treasure.
 11596 | D:12     | Noticed a centaur warrior
 11605 | D:12     | Killed a centaur warrior
 11610 | D:12     | XOM: summons friendly iron imp
 11615 | D:12     | XOM: polymorph iron imp -> crimson imp
 11757 | D:12     | XOM: polymorph crimson imp -> white imp
 11773 | D:12     | Noticed an ettin
 11775 | D:12     | XOM: summons 4 friendly demons
 11785 | D:12     | Killed an ettin
 11785 | D:12     | Reached skill level 10 in Fighting
 11785 | D:12     | Reached skill level 10 in Short Blades
 11787 | D:12     | Noticed a storm dragon
 11796 | D:12     | XOM: potion effect (heal wounds)
 11800 | D:12     | XOM: summons friendly white imp
 11802 | D:12     | XOM: fog
 11965 | D:12     | XOM: fog
 11970 | D:12     | XOM: polymorph smoke demon -> tormentor
 11972 | D:12     | XOM: confuse monster(s)
 12154 | D:12     | XOM: confuse monster(s)
 12155 | D:12     | Killed a storm dragon
 12155 | D:12     | Reached XP level 13. HP: 67/103 MP: 24/24
 12351 | D:12     | XOM: noise
 12388 | D:12     | XOM: cloud trail
 12596 | D:10     | XOM: god gift: 18 stones
 12633 | Lair:1   | Entered Level 1 of the Lair of Beasts
 12749 | Lair:1   | XOM: 2-stop teleportation journey
 13035 | Lair:1   | Found a runed translucent door.
 13107 | Lair:1   | XOM: severe Fire miscast
 13339 | Lair:1   | XOM: medium Conj miscast
 13511 | Lair:1   | XOM: god gift: ration
 13623 | Lair:1   | XOM: divination: detect creatures
 13633 | Lair:1   | XOM: fog
 14041 | Lair:1   | Slain by a spiny frog

Levels and vault maps discovered:
D:1:      dpeg_arrival_arbitrary_a, layout_basic, serial_rivers,
          chequers_serial_rivers_micro_e, chequers_serial_rivers_small_a,
          chequers_serial_rivers_micro_a, chequers_serial_rivers_micro_b
D:2:      layout_loops_ring, zin_angel, yredelemnul_forgotten_temple_becter,
          lemuel_doored_altar, nicolae_overflow_hidden_temple,
          hangedman_decor_slide_cut
D:3:      layout_basic, demons_altar, first_ration, lemuel_blue_sif_altar,
          uniq_ijyb, uniq_robin
D:4:      layout_cave_pools, nicolae_tso_besieged_by_evil
D:5:      layout_cave_pods, serial_shops, shop, minmay_quadrilaterals
D:6:      layout_basic, kennysheep_little_box, minmay_temple_entry_arrows,
          gammafunk_ghost_grave, basic_altar, kennysheep_generic_room_2,
          uniq_blork_the_orc
D:7:      layout_loops_corners, the_bakery
D:8:      layout_loops_ring, serial_shops, shop
D:9:      layout_layer_cave, dpeg_oklobed_lair
D:10:     layout_stronghold, orc_david_3, serial_shops, shop, uniq_nergalle,
          uniq_fannar
D:11:     layout_loops_cross, portal_ice_cave_entry_pillars_2,
          grunt_qazlal_clouds, uniq_gastronok, uniq_harold
D:12:     minmay_two_paths, layout_irregular_city, enter_trove_1, serial_shops,
          kennysheep_mini, uniq_sonja
Lair:1:   gammafunk_lair_enchanted_lake, layout_cave_pods
Lair:2:   layout_gridlike, minivault_11, minmay_stone_trees_medium,
          grunt_megastairs_4

Skill      XL: |  1  2  3  4  5  6  7  8  9 10 11 12 13 |
---------------+----------------------------------------+-----
Invocations    | 1 2 3 4 5 6 7 8 |  8.8
Long Blades    | 1 2 3 4 5 6 7 8 |  8.0
Axes           | 1 2 3 4 5 6 7 8 |  8.0
Maces & Flails | 1 2 3 4 5 6 7 8 |  8.0
Polearms       | 1 2 3 4 5 6 7 8 |  8.0
Staves         | 1 2 3 4 5 6 7 8 |  8.0
Slings         | 1 2 3 4 5 6 7 8 |  8.0
Bows           | 1 2 3 4 5 6 7 8 |  8.0
Crossbows      | 1 2 3 4 5 6 7 8 |  8.0
Throwing       | 1 2 3 4 5 6 7 8 |  8.0
Stealth        | 1 2 3 4 5 6 7 8 |  8.0
Shields        | 1 2 3 4 5 6 7 8 |  8.0
Unarmed Combat | 1 2 3 4 5 6 7 8 |  8.0
Spellcasting   | 1 2 3 4 5 6 7 8 |  8.0
Evocations     | 1 2 3 4 5 6 7 8 |  8.0
Conjurations   | 1 2 3 4 5 6 |  6.6
Hexes          | 1 2 3 4 5 6 |  6.6
Charms         | 1 2 3 4 5 6 |  6.6
Summonings     | 1 2 3 4 5 6 |  6.6
Necromancy     | 1 2 3 4 5 6 |  6.6
Translocations | 1 2 3 4 5 6 |  6.6
Transmutations | 1 2 3 4 5 6 |  6.6
Fire Magic     | 1 2 3 4 5 6 |  6.6
Ice Magic      | 1 2 3 4 5 6 |  6.6
Air Magic      | 1 2 3 4 5 6 |  6.6
Earth Magic    | 1 2 3 4 5 6 |  6.6
Poison Magic   | 1 2 3 4 5 6 |  6.6
Dodging        | 3 4 5 6 7 8 |  8.5
Armour         | 5 6 7 8 9 |  9.3
Fighting       | 7 8 9 10 | 10.3
Short Blades   | 7 8 9 10 | 10.3

Action                   |  1- 3 |  4- 6 |  7- 9 | 10-12 | 13-15 || total
-------------------------+-------+-------+-------+-------+-------++-------
Melee: Short sword       |    80 |   126 |       |       |       ||   206
       Bite              |     5 |    30 |    53 |    43 |    12 ||   143
       Unarmed           |       |    16 |       |       |       ||    16
       Punch             |       |     1 |     5 |       |       ||     6
       Dagger            |       |    95 |   250 |       |       ||   345
       Glaive            |       |       |    92 |   377 |    88 ||   557
Throw: Dart              |       |       |    10 |    25 |     6 ||    41
       Stone             |       |       |     2 |       |       ||     2
       Boomerang         |       |       |       |    11 |       ||    11
 Cast: Cause Fear        |       |       |       |     1 |       ||     1
       Stone Arrow       |       |       |       |       |    11 ||    11
 Abil: Evoke Flight      |       |       |       |       |     1 ||     1
  Use: Scroll            |       |       |       |    19 |     8 ||    27
       Potion            |       |       |       |     4 |       ||     4
 Stab: Sleeping          |       |     6 |    26 |    27 |     5 ||    64
       Confused          |       |       |       |     2 |       ||     2
       Betrayed ally     |       |       |       |     1 |       ||     1
       Invisible         |       |       |       |     4 |       ||     4
       Distracted        |       |       |       |     2 |     1 ||     3
  Eat: Chunk             |       |     7 |    11 |    16 |    32 ||    66
       Ration            |       |       |       |     1 |       ||     1
Armor: Leather armour    |    20 |    64 |    92 |    41 |       ||   217
       Skin              |       |     3 |       |       |       ||     3
       Ring mail         |       |       |       |   110 |    33 ||   143
Dodge: Dodged            |    27 |   135 |   206 |   341 |    74 ||   783
